 Dungeon Crawl Stone Soup version 0.30-a0-359-gd0147acb1a (webtiles) character file.

Game seed: 251239637989276160

74704 ragingrage the Brawler (level 15, -7/152 (153) HPs)
             Began as a Troll Fighter on Nov 12, 2022.
             Was the Champion of Wu Jian.
             Mangled by an orc warrior
             ... wielding a +0 hand axe
              (10 damage)
             ... on level 1 of the Orcish Mines.
             The game lasted 00:32:39 (20262 turns).

ragingrage the Brawler (Troll Fighter)             Turns: 20262, Time: 00:32:39

HP:   -7/152 (153)  AC:  8    Str: 34    XL:     15   Next: 7%
MP:   14/14         EV: 10    Int:  8    God:    Wu Jian [******]
Gold: 1505          SH: 12    Dex:  9    Spells: 14/14 levels left

rFire   . . .      SeeInvis +      - Unarmed
rCold   + . .      Faith    .    P - +2 kite shield {rC+}
rNeg    . . .      Spirit   .    Z - +0 troll leather armour
rPois   .          Reflect  .    K - +2 hat {Int+3}
rElec   .          Harm     .    D - scarf {repulsion}
rCorr   +          Rampage  .    (gloves unavailable)
Will    ++...                    (boots unavailable)
Stlth   +.........               X - amulet of regeneration
HPRegen 2.85/turn                r - +4 ring of slaying
MPRegen 0.14/turn                L - ring "Zyak" {Will+ rCorr Str+6 Int-5 SInv}

@: lightly drained, repel missiles
A: large, unfitting armour, claws 3, regeneration 1, shaggy fur 1, tough skin 1
a: Renounce Religion, Wall Jump, Serpent's Lash, Heavenly Storm


You were on level 1 of the Orcish Mines.
You worshipped Wu Jian.
Wu Jian was exalted by your worship.
You visited 4 branches of the dungeon, and saw 21 of its levels.
You also visited: Ossuary and Ice Cave.

You collected 2438 gold pieces.
You spent 933 gold pieces at shops.

Inventory:

Missiles
 j - 79 poisoned darts (quivered)
 v - 3 atropa-tipped darts
 B - 3 boomerangs of dispersal
 F - 7 curare-tipped darts
 R - 8 boomerangs
 T - 5 large rocks
Armour
 D - a scarf of repulsion (worn)
 K - a +2 hat of intelligence (worn)
 P - a +2 kite shield of cold resistance (worn)
 Q - +0 acid dragon scales
 V - a +2 robe of cold resistance
 Z - a +0 troll leather armour (worn)
Jewellery
 b - a ring of flight
 r - a +4 ring of slaying (left claw)
 x - a ring of see invisible
 L - the ring "Zyak" (right claw) {Will+ rCorr Str+6 Int-5 SInv}
   (You bought it in a shop on level 9 of the Dungeon)

   [ring of strength]

   Str:       It affects your strength (+6).
   Int:       It affects your intelligence (-5).
   SInv:      It lets you see invisible.
   rCorr:     It protects you from acid and corrosion.
   Will:      It increases your willpower.
 X - an amulet of regeneration (around neck)
 Y - the ring of Divine Intervention {Wiz Int+5 Dex-3}
   (You found it in an ice cave)

   [ring of wizardry]

   It improves your spell success rate.
   Int:       It affects your intelligence (+5).
   Dex:       It affects your dexterity (-3).
Wands
 n - a wand of digging (5)
 s - a wand of light (8)
 u - a wand of iceblast (10)
 y - a wand of polymorph (14)
 C - a wand of flame (14)
 H - a wand of mindburst (45)
 S - a wand of paralysis (17)
Scrolls
 d - 3 scrolls of vulnerability
 f - 2 scrolls of summoning
 g - 16 scrolls of teleportation
 i - 4 scrolls of fear
 m - 3 scrolls of magic mapping
 w - 4 scrolls of enchant armour
 E - 2 scrolls of brand weapon
 I - 3 scrolls of blinking
 J - 2 scrolls of amnesia {unknown}
 M - 3 scrolls of fog
 N - a scroll of noise
 U - 4 scrolls of poison
Potions
 a - 2 potions of invisibility
 c - 7 potions of might
 e - 2 potions of brilliance
 h - 7 potions of haste
 k - 5 potions of lignification
 l - 6 potions of attraction
 o - 8 potions of curing
 p - 2 potions of resistance
 q - 2 potions of flight
 t - 4 potions of ambrosia
 z - 8 potions of heal wounds
 A - 4 potions of degeneration {unknown}
 G - 2 potions of mutation
 W - a potion of magic {unknown}
Miscellaneous
 O - a box of beasts (inert)


   Skills:
 + Level 11.0 Fighting
 + Level 7.1 Dodging
 + Level 11.5 Shields
 * Level 19.2 Unarmed Combat


You had 14 spell levels left.
You didn't know any spells.
Your spell library contained the following spells:

 Spells                   Type           Power      Damage    Failure   Level
 Apportation              Tloc           0%         N/A       63%         1
 Necrotise                Necr           0%         1d4       63%         1
 Summon Small Mammal      Summ           0%         N/A       63%         1
 Call Canine Familiar     Summ           0%         N/A       94%         3
 Dazzling Flash           Conj/Hex       0%         N/A       94%         3
 Inner Flame              Hex/Fire       0%         N/A       94%         3
 Summon Guardian Golem    Hex/Summ       0%         N/A       94%         3
 Flame Wave               Conj/Fire      0%         2d4       100%        4
 Leda's Liquefaction      Hex/Erth       0%         N/A       100%        4
 Sticky Flame             Conj/Fire      0%         2d3       100%        4
 Summon Ice Beast         Ice/Summ       0%         N/A       100%        4
 Agony                    Necr           0%         N/A       100%        5
 Lee's Rapid Deconstruct  Erth           0%         3d4*      100%        5
 Silence                  Hex/Air        0%         N/A       100%        5
 Summon Forest            Summ/Tloc      0%         N/A       100%        5
 Summon Mana Viper        Hex/Summ       0%         N/A       100%        5
 Statue Form              Tmut/Erth      0%         N/A       100%        6
 Malign Gateway           Summ/Tloc      0%         N/A       100%        7
 Monstrous Menagerie      Summ           0%         N/A       100%        7


Dungeon Overview and Level Annotations

Branches:
Dungeon (13/15)            Temple (1/1) D:7            Lair (5/5) D:11
 Shoals (0/4) Lair:3        Snake (0/4) Lair:3        Slime (0/5) Lair:4
    Orc (2/2) D:10        Ossuary (visited)           IceCv (visited)
    Elf: Orc:2       Vaults: D:13-14

Altars:
Ashenzari
Dithmenos
Elyvilon
Fedhas
Gozag
Hepliaklqana
Kikubaaqudgha
Okawaru
Qazlal
Ru
Sif Muna
Trog
Uskayaw
Vehumet
Wu Jian
Xom
Yredelemnul
Zin
The Shining One
Jiyva

Shops:
D:2 (   D:3 (   D:4 *   D:5 =   D:6 [   D:9 *

Portals:
Abyss: D:12

Annotations:
D:12 2 transporters, Atlas's ghost, journeyman DjFE
Lair:5 3 runed translucent doors, Koojamy's ghost, journeyman SpEn
Orc:1 Saint Roka


Innate Abilities, Weirdness & Mutations

You are too large for most types of armour.
You have claws for hands.
Your natural rate of healing is unusually fast.
You are covered in fur. (AC +1)
You have tough skin. (AC +1)


Message History

You block the orc warrior's attack.
Saint Roka invokes the aid of Beogh against you.
Beogh smites you!
You spin and attack the orc warrior.
You claw the orc warrior!
The orc warrior is moderately wounded.
You block the orc warrior's attack.
Okay, then.
You open the lid... ...and a larval oxshock beast leaps out!
The box is emptied!
The orc warrior unwields a +0 arbalest.
The orc warrior wields a +0 great mace.
You block the orc warrior's attack. x2
Saint Roka hits you with a +1 long sword of holy wrath!!!
* * * LOW HITPOINT WARNING * * *
You feel much better. You block the orc warrior's attack. x2
Your larval oxshock beast barely misses Saint Roka.
Your larval oxshock beast misses Saint Roka.
Saint Roka barely misses you.
You spin and attack the orc warrior.
You closely miss the orc warrior.
The orc warrior is moderately wounded.
You spin and attack Saint Roka.
You mangle Saint Roka!!
Saint Roka is lightly wounded.
Saint Roka is no longer blind.
The orc warrior suddenly jeers.
The orc warrior hits you with a +0 hand axe!
* * * LOW HITPOINT WARNING * * *
Your larval oxshock beast hits Saint Roka but does no damage.
Your larval oxshock beast tramples Saint Roka but does no damage.
Saint Roka invokes the aid of Beogh against you.
Beogh smites you!
* * * LOW HITPOINT WARNING * * *
Aiming: Bolt of Light
Press: ? - help, Shift-Dir - straight line, f - Saint Roka
Aim: Saint Roka, wielding a +1 long sword of holy wrath and wearing a +2 chain mail of poison resistance (lightly wounded, strong, ally target, 79% to hit)
The bolt of light hits Saint Roka!
Saint Roka is lightly wounded.
Saint Roka is blinded.
The orc warrior hits you with a +0 great mace!!
* * * LOW HITPOINT WARNING * * *
The orc warrior hits you with a +0 hand axe!
You die...

....#....## ##.#
........#.# #.###
###.....### ##..###
#......######..#.#
##....####........#
#.......###......##
#.......##....#...##
....#....#...###...##
.#######.....###@o..##
..###........##.oo...#
...............H>=####
##.........#.....$..#
##...#..#.#.......##
#....######.#....##
##.#.# ###...## #####
#####


You could see Saint Roka (strong, blind, ally target), 2 orc warriors and a
friendly larval oxshock beast (summoned).

Vanquished Creatures
  Gastronok (D:9)
  A white draconian (IceCv)
  Fannar (D:12)
  A hydra (Lair:3)
  3 centaur warriors
  A catoblepas (Lair:5)
  4 boulder beetles
  4 two-headed ogres
  5 death yaks (Lair:5)
  A deep troll shaman (Lair:5)
  A spriggan (Lair:1)
  Nergalle (Orc:1)
  A lindwurm (Lair:5)
  An ugly thing (D:13)
  2 orc sorcerers (Orc:1)
  4 oklob plants (Lair:3)
  6 manticores
  A cyclops (D:11)
  8 black mambas
  2 ice statues (IceCv)
  A torpor snail (Lair:4)
  4 orange demons (D:13)
  11 elephants
  15 cane toads
  2 gargoyles (D:12)
  10 rime drakes
  4 kobold demonologists
  A komodo dragon (Lair:3)
  A tengu conjurer (D:13)
  A queen bee (Lair:3)
  2 ice devils (Lair:5)
  3 polar bears
  2 hornets
  6 trolls
  15 blink frogs
  8 slime creatures
  A blink frog (shapeshifter) (D:13)
  6 dream sheep (Lair:3)
  3 shadows
  53 yaks
  3 wraiths
  A vampire (D:12)
  15 wyverns
  11 basilisks
  3 steam dragons
  7 vampire mosquitoes
  6 acid dragons
  A warg (Orc:2)
  13 water moccasins
  A hell hound (Lair:4)
  2 ice beasts
  9 orc warriors
  A sky beast (D:8)
  2 black bears (Lair:5)
  39 wolves
  8 ogres
  6 centaurs
  17 kobold brigands
  8 bullfrogs
  3 necrophages
  A gnoll sergeant (D:13)
  5 scorpions
  7 wights
  6 lindwurm simulacra (IceCv)
  36 killer bees
  7 howler monkeys
  7 komodo dragon simulacra (IceCv)
  6 jellies
  4 gnoll boudas
  4 orc priests
  A hound (D:3)
  3 iguanas
  Terence (D:3)
  6 orc wizards
  5 hell rats (Lair:4)
  8 mummies (Ossuary)
  19 gnolls
  4 adders
  4 acid dragon simulacra (IceCv)
  2 shadow imps (D:8)
  A white imp (D:5)
  4 steam dragon simulacra (IceCv)
  3 ufetubi
  2 worms (D:4)
  3 dart slugs
  23 orcs
  2 bats
  5 endoplasms
  5 giant cockroaches
  2 gnoll zombies (Ossuary)
  3 goblins
  6 hobgoblins
  4 jackals (D:1)
  2 quokkas
  6 ball pythons
  4 frilled lizards
  2 hobgoblin zombies (Ossuary)
  47 kobolds
  9 kobold skeletons (D:8)
  11 kobold zombies
  2 orc zombies (Ossuary)
  6 rats
642 creatures vanquished.

Vanquished Creatures (collateral kills)
  A two-headed ogre (D:10)
  2 wights (D:10)
  An orc priest (D:10)
  2 gnolls (D:4)
  An orc (D:10)
7 creatures vanquished.

Vanquished Creatures (others)
  A kobold demonologist (D:11)
  34 fungi
  47 plants
82 creatures vanquished.

Grand Total: 731 creatures vanquished

Notes
Turn   | Place    | Note
-------+----------+-------------------------------------------
     0 | D:1      | ragingrage the Troll Fighter began the quest for the Orb.
     0 | D:1      | Reached XP level 1. HP: 22/22 MP: 0/0
   238 | D:1      | Reached XP level 2. HP: 29/29 MP: 1/1
   288 | D:1      | Reached skill level 3 in Unarmed Combat
   394 | D:1      | Found a faded altar of an unknown god.
   813 | D:2      | Reached XP level 3. HP: 36/36 MP: 2/2
   849 | D:2      | Found Seugh's Weapon Boutique.
   990 | D:2      | Noticed Terence
  1026 | D:3      | Killed Terence
  1027 | D:3      | Reached skill level 4 in Unarmed Combat
  1030 | D:3      | Reached XP level 4. HP: 38/44 MP: 3/3
  1286 | D:3      | Found Jautt's Antique Weapon Shoppe.
  1361 | D:3      | Reached skill level 5 in Unarmed Combat
  1614 | D:4      | Reached XP level 5. HP: 28/50 MP: 4/4
  1752 | D:4      | Noticed an ogre
  1757 | D:4      | Killed an ogre
  1758 | D:4      | Reached skill level 6 in Unarmed Combat
  2055 | D:4      | Noticed an ogre
  2061 | D:4      | HP: 2/50 [ogre/+0 giant club (20)]
  2062 | D:4      | Killed an ogre
  2063 | D:4      | Reached XP level 6. HP: 4/59 MP: 5/5
  2156 | D:4      | Reached skill level 7 in Unarmed Combat
  2485 | D:4      | Found Baudonub's General Store.
  2493 | D:4      | Bought a potion of lignification for 30 gold pieces
  2521 | D:5      | Entered Level 5 of the Dungeon
  2528 | D:5      | Found Kich's Jewellery Shop.
  2643 | D:5      | Reached XP level 7. HP: 54/66 MP: 6/6
  2675 | D:5      | Reached skill level 8 in Unarmed Combat
  2723 | D:5      | Found a bloodstained altar of Trog.
  2725 | D:5      | Found an ancient bone altar of Kikubaaqudgha.
  2745 | D:5      | Found a shimmering altar of Xom.
  2756 | D:5      | Reached skill level 9 in Unarmed Combat
  3353 | D:6      | Found a shimmering blue altar of Sif Muna.
  3354 | D:6      | Found a white marble altar of Elyvilon.
  3742 | D:7      | Reached XP level 8. HP: 74/74 MP: 7/7
  3778 | D:7      | Found a stormy altar of Qazlal.
  4595 | D:6      | Found Keist's Antique Armour Boutique.
  4906 | D:7      | Reached skill level 10 in Unarmed Combat
  5032 | D:7      | Found a staircase to the Ecumenical Temple.
  5520 | D:7      | Reached XP level 9. HP: 82/84 MP: 8/8
  5642 | D:7      | Found a glowing golden altar of the Shining One.
  5961 | D:8      | Found a hide-covered altar of Uskayaw.
  6024 | D:8      | Reached skill level 11 in Unarmed Combat
  6028 | D:8      | Reached skill level 5 in Shields
  6204 | D:8      | Found a sand-covered staircase.
  6213 | Ossuary  | Entered an ossuary
  6802 | D:8      | Reached skill level 5 in Fighting
  6842 | D:8      | Found an ancient bone altar of Kikubaaqudgha.
  6842 | D:8      | Noticed a kobold demonologist
  6862 | D:8      | Killed a kobold demonologist
  6875 | D:8      | Reached skill level 12 in Unarmed Combat
  7132 | Temple   | Entered the Ecumenical Temple
  7168 | Temple   | Became a worshipper of the Wu Jian Council
  7389 | D:9      | Noticed Gastronok
  7424 | D:9      | Reached XP level 10. HP: 73/97 MP: 9/9
  7526 | D:9      | Killed Gastronok
  7656 | D:9      | Found Impi's Assorted Antiques.
  7675 | D:9      | Bought a sparkling wooden ring for 145 gold pieces
  7675 | D:9      | Identified the ring "Zyak" {Will+ rCorr Str+6 Int-5 SInv}
                  | (You bought it in a shop on level 9 of the Dungeon)
  7676 | D:9      | Bought a scroll labelled FEXTOPOE WUSO for 29 gold pieces
  7676 | D:9      | Bought a yellow potion for 26 gold pieces
  7678 | D:9      | Bought 2 scrolls of teleportation for 174 gold pieces
  7678 | D:9      | Bought a wand of iceblast (2) for 139 gold pieces
  7693 | D:9      | Reached * piety under Wu Jian
  8044 | D:9      | Paralysed by a hornet for 3 turns
  8049 | D:9      | Reached skill level 13 in Unarmed Combat
  8208 | D:10     | Entered Level 10 of the Dungeon
  8225 | D:10     | Noticed a centaur warrior
  8232 | D:10     | Killed a centaur warrior
  8354 | D:10     | Found a staircase to the Orcish Mines.
  8589 | D:10     | Noticed a two-headed ogre
  8598 | D:10     | Killed a two-headed ogre
  8722 | D:11     | Reached XP level 11. HP: 107/107 MP: 10/10
  8734 | D:11     | Reached skill level 14 in Unarmed Combat
  8821 | D:11     | Identified the +0 pair of boots "Begush" {rF++ rCorr}
  9015 | D:11     | Reached ** piety under Wu Jian
  9050 | D:11     | Found a staircase to the Lair.
  9490 | D:10     | Noticed a two-headed ogre
  9505 | D:10     | Killed a two-headed ogre
 10061 | D:12     | Noticed a green ugly thing
 10062 | D:12     | Noticed a skeletal warrior
 10100 | D:12     | Noticed Fannar
 10131 | D:12     | Killed Fannar
 10132 | D:12     | Reached skill level 15 in Unarmed Combat
 10477 | D:12     | Noticed Atlas's ghost (journeyman DjFE)
 10600 | D:5      | Bought an amulet of regeneration for 390 gold pieces
 10728 | Lair:1   | Entered Level 1 of the Lair of Beasts
 10748 | D:11     | Reached XP level 12. HP: 29/119 MP: 11/11
 11018 | Lair:1   | Reached *** piety under Wu Jian
 11139 | Lair:1   | Got the Compendium of Convocation
 11289 | Lair:1   | Reached skill level 16 in Unarmed Combat
 11948 | Lair:2   | Reached **** piety under Wu Jian
 12823 | Lair:3   | Reached XP level 13. HP: 130/131 MP: 12/12
 13043 | Lair:3   | Reached skill level 17 in Unarmed Combat
 13144 | Lair:3   | Found a staircase to the Snake Pit.
 13624 | Lair:3   | Reached ***** piety under Wu Jian
 13862 | Lair:3   | Reached skill level 10 in Shields
 13888 | Lair:3   | Found a staircase to the Shoals.
 14486 | Lair:3   | Reached skill level 5 in Dodging
 14926 | Lair:4   | Found a viscous altar of Jiyva.
 14927 | Lair:4   | Found a staircase to the Slime Pits.
 14971 | Lair:4   | Reached skill level 10 in Fighting
 15516 | Lair:4   | Reached XP level 14. HP: 126/143 MP: 13/13
 15569 | Lair:4   | Reached skill level 18 in Unarmed Combat
 15801 | Lair:5   | Entered Level 5 of the Lair of Beasts
 15804 | Lair:5   | Found a frozen archway.
 15855 | IceCv    | Entered an ice cave
 16283 | IceCv    | Identified the ring of Divine Intervention {Wiz Int+5
                  | Dex-3}
 16463 | Lair:5   | Identified the +2 leather armour of Vehumet's Grace {rC+
                  | Dex+2 Stlth+}
 16923 | Lair:5   | Found a runed translucent gate.
 16929 | Lair:5   | Found a runed translucent gate.
 16929 | Lair:5   | Found a runed translucent gate.
 16929 | Lair:5   | Noticed an acid blob
 16929 | Lair:5   | Noticed Koojamy's ghost (journeyman SpEn)
 16929 | Lair:5   | Noticed an acid blob
 16929 | Lair:5   | Noticed an acid blob
 16929 | Lair:5   | Noticed a quicksilver ooze
 16929 | Lair:5   | Noticed an azure jelly
 16929 | Lair:5   | Noticed an acid blob
 16929 | Lair:5   | Noticed an acid blob
 16930 | Lair:5   | Noticed an azure jelly
 16938 | Lair:5   | Found a viscous altar of Jiyva.
 17453 | Lair:5   | Reached ****** piety under Wu Jian
 17862 | D:12     | Found a transporter.
 17960 | D:12     | Noticed a white very ugly thing
 18015 | D:12     | Found a one-way gate to the infinite horrors of the Abyss.
 18023 | D:12     | Found a transporter.
 18040 | D:12     | Found a shadowy altar of Dithmenos.
 18781 | D:13     | Reached skill level 19 in Unarmed Combat
 19316 | Orc:1    | Entered Level 1 of the Orcish Mines
 19316 | Orc:1    | Noticed Nergalle
 19323 | Orc:1    | Killed Nergalle
 19397 | Orc:1    | Reached XP level 15. HP: 110/152 MP: 14/14
 19701 | Orc:2    | Entered Level 2 of the Orcish Mines
 19720 | Orc:2    | Noticed Saint Roka
 20262 | Orc:1    | HP: 3/152 [orc warrior/+0 great mace (20)]
 20262 | Orc:1    | Mangled by an orc warrior

Illustrated notes

Levels and vault maps discovered:
D:1:      minmay_arrival_stair_chambers, layout_basic,
          shapermc_ecumenical_altar_mp_urbaneastern
D:2:      layout_loops_cross, serial_shops, nicolae_diamond_shop,
          uniq_crazy_yiuf_cottage, uniq_terence
D:3:      layout_rooms, serial_shops, shop
D:4:      layout_gridville, serial_shops, shop
D:5:      layout_basic, grunt_temple_overflow_open, serial_shops,
          nicolae_take_the_stairs, st_stairs_5
D:6:      layout_loops_corners, amethyst_overflow_temple_binary, serial_shops,
          nicolae_lakefront_shop
D:7:      layout_basic, nicolae_qazlal_scattered_showers,
          mainiacjoe_overflow_24_doors, minmay_temple_entry_from_below_b,
          patterned_corridor
D:8:      wander_kiku_kobolds, layout_loops_ring, mainiacjoe_overflow_brackets,
          enter_ossuary_1, dreamdust_wishing_well
D:9:      layout_basic, serial_shops, shop, uniq_gastronok
D:10:     layout_big_octagon, palyth_stone_intersect, minmay_between
D:11:     layout_cave_pools, lair_entry_dummy
D:12:     layout_small_grid, gammafunk_ghost_abyssal_escape,
          grunt_ministairs_12, grunt_decor_one_mirror, grunt_dithmenos_shadows,
          uniq_fannar
D:13:     layout_long_grid, einodemon_barbed_minivault
Temple:   nicolae_temple_great_sept
Lair:1:   layout_chaotic_city, grunt_forest_large_clearings, lemuel_fruit_fields
Lair:2:   layout_loops_ring
Lair:3:   hangedman_what_comes_after_a, layout_gridlike, shoals_dummy_entry,
          minmay_snake_entry_six_corridors, infiniplex_staircase_pool_2
Lair:4:   layout_hall_layers, minmay_slime_entry_pillars, special_room
          [special_room_mythical_zoo]
Lair:5:   grunt_lair_end_beastmaster, layout_small_grid, gammafunk_ghost_ooze,
          portal_ice_cave_demonic_guard, lemuel_fruit_tree
Orc:1:    layout_diamond_mine, uniq_nergalle
Orc:2:    st_orc_rangers, layout_caves, basic_altar, uniq_saint_roka,
          uniq_sonja, uniq_jorgrun

Skill      XL: |  1  2  3  4  5  6  7  8  9 10 11 12 13 14 15 |
---------------+----------------------------------------------+-----
Unarmed Combat | 3 4 5 6 7 9 10 12 13 15 16 17 19 | 19.2
Shields        | 3 4 5 6 8 9 10 11 | 11.5
Fighting       | 4 5 6 8 9 10 11 | 11.0
Dodging        | 3 5 7 |  7.1

Action                   |  1- 3 |  4- 6 |  7- 9 | 10-12 | 13-15 || total
-------------------------+-------+-------+-------+-------+-------++-------
Melee: Unarmed           |    82 |   127 |   350 |   451 |   812 ||  1822
       War axe           |       |       |       |       |     7 ||     7
Throw: Dart              |       |     5 |     6 |     5 |    34 ||    50
       Large rock        |       |       |       |     4 |       ||     4
       Boomerang         |       |       |       |     7 |       ||     7
Invok: Lunge             |       |       |       |    43 |    65 ||   108
       Whirlwind         |       |       |       |    26 |    74 ||   100
       Serpent's Lash    |       |       |       |       |     1 ||     1
Evoke: Wand              |       |       |       |     2 |     4 ||     6
       Box of beasts     |       |       |       |       |     1 ||     1
  Use: Scroll            |       |     1 |     3 |     9 |    13 ||    26
       Potion            |       |       |       |     1 |     2 ||     3
 Stab: Sleeping          |     1 |       |     1 |       |       ||     2
       Invisible         |       |       |       |     1 |       ||     1
       Distracted        |       |       |       |       |     1 ||     1
       Petrifying        |       |       |       |       |     1 ||     1
Armor: Robe              |    35 |    44 |    79 |    25 |    35 ||   218
       Skin              |       |       |       |    23 |       ||    23
       Acid dragon scale |       |       |       |    69 |   117 ||   186
       Troll leather arm |       |       |       |       |     4 ||     4
Dodge: Dodged            |    26 |    40 |   101 |    75 |   242 ||   484
       Repelled          |       |       |       |       |     2 ||     2
Block: Kite shield       |    17 |    42 |   114 |   137 |   358 ||   668

Table legend: (Time is in decaauts)
 A = Elapsed time spent in this place.
 B = Non-inter-level travel time spent in this place.
 C = Inter-level travel time spent in this place.
 D = Time resting spent in this place.
 E = Time spent auto-exploring this place.
 F = Levels seen in this place.
 G = Mean time per level.
                   A        B        C        D        E       F      G
               +--------+--------+--------+--------+--------+-----+--------+
         Total |  20103 |  18638 |   1465 |   2783 |  11258 |  23 |  874.0 |
       Dungeon |  12012 |  10880 |   1132 |   1538 |   6820 |  13 |  924.0 |
        Temple |     54 |     47 |      7 |      0 |     36 |   1 |   54.0 |
          Lair |   6359 |   6134 |    225 |    827 |   3776 |   5 | 1271.8 |
  Orcish Mines |    943 |    844 |     99 |    344 |    289 |   2 |  471.5 |
       Ossuary |    191 |    191 |      0 |      0 |    116 |   1 |  191.0 |
      Ice Cave |    541 |    541 |      0 |     72 |    221 |   1 |  541.0 |
               +--------+--------+--------+--------+--------+-----+--------+

Top non-repeatable levels by time:
  Lair:3: 1699 daAuts
     D:6: 1491 daAuts
  Lair:5: 1385 daAuts
  Lair:4: 1243 daAuts
     D:9: 1216 daAuts
    D:12: 1130 daAuts
     D:8: 1125 daAuts
     D:7: 1121 daAuts
  Lair:1: 1040 daAuts
  Lair:2: 991 daAuts
    D:11: 948 daAuts
     D:4: 902 daAuts
   Orc:1: 863 daAuts
    D:13: 849 daAuts
    D:10: 823 daAuts
